AoeStats
← colo

Four Lakes

507564062Analyzed
1v1 RM · 13d ago on Sep 18, 2026· 22m 44s· 2 players
Game mode
Random Map
Map size
Tiny (2 player)
Population
200
Speed
Normal
Resources
Standard
Victory
Conquest
Starting age
Dark Age
Ending age
Imperial Age
RankedLock teamsTeams togetherTeam positionsShared explorationLock speedFull tech treeHidden civsTurbo modeCheats
Victory
Defeat
🇫🇷 Jurchens · France
1024
+17
🇪🇸 Sicilians · Spain
1039
-17
Bouammala
0:43 Loom
8:38 Loom
11:52 Feudal Age
17:59 Castle Age
19:07 Bloodlines
18:58 Husbandry
20:11 Forging
colo
12:09 Feudal Age
15:01 Double-Bit Axe
Connection lost

Rejoining the realm…

Still unreachable

The connection could not be restored.

Session expired

The server has moved on; the page needs a fresh start.